 Dungeon Crawl Stone Soup version 0.17-a0-2058-g8b0eb12 (webtiles) character file.

259 Ordine the Basher (level 5, -4/45 HPs)
             Began as a Minotaur Berserker on Oct 12, 2015.
             Was a Believer of Trog.
             Slain by Crazy Yiuf
             ... wielding a +4 quarterstaff of chaos
              (5 damage)
             ... on level 2 of the Dungeon.
             The game lasted 00:06:39 (1992 turns).

Ordine the Basher (Minotaur Berserker)              Turns: 1992, Time: 00:06:39

Health: -4/45      AC:  3    Str: 22    XL:     5   Next: 94%
Magic:  2/4        EV: 13    Int:  4    God:    Trog [**....]
Gold:   90         SH:  0    Dex: 16    Spells: 0 memorised, 4 levels left

rFire  . . .     SeeInvis .     a - +0 mace
rCold  . . .     Clarity  .     b - +1 animal skin
rNeg   . . .     SustAt   .     (no shield)
rPois  +         Gourm    .     (helmet restricted)
rElec  .         Spirit   .     (no cloak)
rCorr  .         Warding  .     (no gloves)
rMut   .         Stasis   .     (no boots)
MR     .....                    (no amulet)
Stlth  +.........               j - ring of poison resistance
                                d - +6 ring of dexterity

@: not resistant to hostile enchantments, very unstealthy
A: retaliatory headbutt, horns 2
a: Burn Spellbooks, Berserk, Trog's Hand, Renounce Religion


You were on level 2 of the Dungeon.
You worshipped Trog.
Trog was pleased with you.
You were not hungry.

You visited 1 branch of the dungeon, and saw 2 of its levels.

You collected 90 gold pieces.

Inventory:

Hand Weapons
 a - a +0 mace (weapon)
Armour
 b - a +1 animal skin (worn)
Jewellery
 d - a +6 ring of dexterity (left hand)
 j - a ring of poison resistance (right hand)
Scrolls
 i - 2 scrolls of remove curse
Potions
 e - 2 potions of curing
 f - a potion of might {unknown}
 h - a potion of lignification {unknown}
 k - a potion of flight {unknown}
Comestibles
 c - 2 bread rations
 g - a beef jerky
 l - 3 chunks of flesh
 m - a meat ration


   Skills:
 - Level 3.6 Fighting
 + Level 8.1 Maces & Flails
 - Level 2.4 Armour
 - Level 2.1 Dodging


You had 4 spell levels left.
You didn't know any spells.

Dungeon Overview and Level Annotations

Branches:
Dungeon (2/15)

Altars:

Annotations:
D:2 Crazy Yiuf


Innate Abilities, Weirdness & Mutations

You reflexively headbutt those who attack you in melee.
You have a pair of horns on your head.


Message History

You closely miss Crazy Yiuf. You headbutt Crazy Yiuf.
Crazy Yiuf is severely wounded.
Crazy Yiuf hits you with a quarterstaff of chaos!
You barely miss Crazy Yiuf.
Crazy Yiuf is severely wounded.
Crazy Yiuf cries, "Spliff mobile blue!"
Crazy Yiuf hits you with a quarterstaff of chaos!
Crazy Yiuf burns you.
You barely miss Crazy Yiuf. You headbutt Crazy Yiuf.
Crazy Yiuf is almost dead.
Crazy Yiuf hits you with a quarterstaff of chaos!
* * * LOW HITPOINT WARNING * * *
Crazy Yiuf burns you.
* * * LOW HITPOINT WARNING * * *
You barely miss Crazy Yiuf.
Crazy Yiuf is almost dead.
Crazy Yiuf hits you with a quarterstaff of chaos!
* * * LOW HITPOINT WARNING * * *
Crazy Yiuf burns you.
You die...

######## #....#
##### #.....
#....# ##...#
#.#### #.####
##.## #.# #.# ##.#
#.# #.# #.## #.#
#.#### ##.#
#######.# #.##.#
#.## #.......#
#.##.# ##.##
####.#### #.#.##
#.@.# #.# #..##
#.g.# #.# #.#.##
#)..# #.# #.##.#
##### ####.#
#....# #....#
####.## ##.####
##.#.## #..#
##.###.########..#
#.##
##.......#..######


You could see Crazy Yiuf.

Vanquished Creatures
  Sigmund (D:2)
  Terence (D:2)
  4 adders (D:2)
  An ooze (D:2)
  2 worms (D:2)
  A ball python (D:2)
  6 hobgoblins (D:2)
  3 bats
  A giant cockroach (D:1)
  A giant newt (D:2)
  4 goblins
  6 kobolds
  8 rats
39 creatures vanquished.

Vanquished Creatures (others)
  A goblin (D:1)
1 creature vanquished.

Grand Total: 40 creatures vanquished

Notes
Turn   | Place    | Note
--------------------------------------------------------------
     0 | D:1      | Ordine the Minotaur Berserker began the quest for the Orb.
     0 | D:1      | Reached XP level 1. HP: 19/19 MP: 0/0
   196 | D:1      | Reached skill level 4 in Maces & Flails
   747 | D:1      | Reached XP level 2. HP: 24/26 MP: 1/1
  1011 | D:2      | Noticed Sigmund
  1015 | D:2      | Noticed Terence
  1017 | D:2      | Killed Sigmund
  1017 | D:2      | Reached skill level 7 in Maces & Flails
  1017 | D:2      | Reached XP level 3. HP: 31/31 MP: 2/2
  1017 | D:2      | Reached XP level 4. HP: 39/39 MP: 3/3
  1017 | D:2      | Reached XP level 5. HP: 45/45 MP: 4/4
  1023 | D:2      | Killed Terence
  1166 | D:2      | Acquired Trog's second power
  1838 | D:2      | Reached skill level 8 in Maces & Flails
  1980 | D:2      | Noticed Crazy Yiuf
  1992 | D:2      | HP: 1/45 [Crazy Yiuf/quarterstaff of chaos (11)]
  1992 | D:2      | Slain by Crazy Yiuf

Vault maps used:
D:1:      minmay_arrival_three_doors, lemuel_old_faithful
D:2:      uniq_crazy_yiuf_cottage, uniq_terence, uniq_sigmund

Action                   |  1- 3 |  4- 6 || total
-------------------------+-------+-------++-------
Melee: Mace              |    24 |    48 ||    72
Invok: Berserk           |     1 |       ||     1
  Use: Scroll            |     3 |     2 ||     5
 Stab: Sleeping          |       |     3 ||     3
       Distracted        |       |     1 ||     1
  Eat: Chunk             |       |     4 ||     4
